 Dungeon Crawl Stone Soup version 0.24-a0-613-g1ff6aac338 (webtiles) character file.

Game seed: 12618467343914022249, levelgen mode: deterministic

26362 Melior the Thaumaturge (level 13, -10/98 HPs)
             Began as a Gnoll Wizard on Sept 11, 2019.
             Was an Elder of Vehumet.
             Shot with an arrow by Nessos (17 damage)
             ... on level 4 of the Lair of Beasts.
             The game lasted 01:13:31 (17870 turns).

Melior the Thaumaturge (Gnoll Wizard)              Turns: 17870, Time: 01:13:32

Health: -10/98     AC: 13    Str: 11    XL:     13   Next: 25%
Magic:  27/27      EV: 15    Int: 24    God:    Vehumet [****..]
Gold:   996        SH:  6    Dex: 14    Spells: 9/33 levels left

rFire    . . .     SeeInvis .   l - +4 mace (protect)
rCold    . . .     Gourm    .   w - +0 buckler
rNeg     . . .     Faith    .   m - quicksilver dragon scales
rPois    .         Spirit   .   i - +0 helmet
rElec    .         Reflect  .   (no cloak)
rCorr    .         Harm     .   (no gloves)
MR       +....                  (no boots)
Stlth    +++.......             (no amulet)
HPRegen  0.26/turn              x - ring of flight
MPRegen  0.20/turn              (no ring)

@: no status effects
A: distributed training, fangs 1, strong nose
a: Renounce Religion, Evoke Flight


You were on level 4 of the Lair of Beasts.
You worshipped Vehumet.
Vehumet was greatly pleased with you.
You were hungry.

You visited 2 branches of the dungeon, and saw 16 of its levels.

You collected 996 gold pieces.

Inventory:

Hand Weapons
 l - a +4 mace of protection (weapon)
Missiles
 s - 52 poisoned darts (quivered)
 J - 5 silver javelins
Armour
 i - a +0 helmet (worn)
 m - quicksilver dragon scales (worn)
 w - a +0 buckler (worn)
Jewellery
 x - a ring of flight (left hand)
Wands
 D - a wand of paralysis (4)
 E - a wand of iceblast (22)
 I - a wand of random effects (12)
Scrolls
 b - 3 scrolls of amnesia
 p - a scroll of silence
 q - 8 scrolls of remove curse
 r - 4 scrolls of teleportation
 u - a scroll of fog
 y - a scroll of magic mapping
 z - 3 scrolls of enchant armour
 B - 3 scrolls of immolation
 G - a scroll of vulnerability {unknown}
Potions
 a - 2 potions of cancellation
 e - a potion of haste
 f - 4 potions of curing
 g - 3 potions of heal wounds
 h - a potion of invisibility {unknown}
 j - 2 potions of brilliance
 k - 3 potions of agility
 n - a potion of ambrosia {unknown}
 o - 4 potions of flight
 t - a potion of mutation {unknown}
 v - a potion of resistance
 A - 3 potions of lignification
 C - 2 potions of might {unknown}
 F - a potion of berserk rage {unknown}
 H - 4 potions of degeneration {unknown}
Comestibles
 d - 37 rations


   Skills:
 + Level 8.0 Fighting
 + Level 8.0 Short Blades
 + Level 8.0 Long Blades
 + Level 8.0 Axes
 + Level 8.0 Maces & Flails
 + Level 8.0 Polearms
 + Level 8.0 Staves
 + Level 8.0 Slings
 + Level 8.0 Bows
 + Level 8.0 Crossbows
 + Level 8.0 Throwing
 + Level 8.0 Armour
 + Level 9.2 Dodging
 + Level 9.1 Stealth
 + Level 8.0 Shields
 + Level 8.0 Unarmed Combat
 + Level 10.6 Spellcasting
 + Level 7.0 Conjurations
 + Level 6.6 Hexes
 + Level 6.6 Charms
 + Level 7.0 Summonings
 + Level 6.6 Necromancy
 + Level 7.0 Translocations
 + Level 6.6 Transmutations
 + Level 6.6 Fire Magic
 + Level 6.6 Ice Magic
 + Level 6.6 Air Magic
 + Level 6.6 Earth Magic
 + Level 6.6 Poison Magic
 + Level 8.7 Invocations
 + Level 8.0 Evocations


You had 9 spell levels left.
You knew the following spells:

 Your Spells              Type           Power        Failure   Level  Hunger
a - Throw Icicle          Conj/Ice       #####...     1%          4    None
b - Blink                 Tloc           N/A          1%          2    None
c - Summon Lightning Spi  Summ/Air       #####...     6%          4    None
d - Conjure Flame         Conj/Fire      #####...     1%          3    None
e - Mephitic Cloud        Conj/Pois/Air  #####...     1%          3    None
f - Magic Dart            Conj           ####         1%          1    None
g - Orb of Destruction    Conj           #####.....   71%         7    #######

Your spell library contained the following spells:

 Spells                   Type           Power        Failure   Level  Hunger
 Summon Small Mammal      Summ           ####         1%          1    None
 Call Imp                 Summ           #####...     1%          2    None
 Slow                     Hex            #####...     1%          2    None
 Call Canine Familiar     Summ           #####...     1%          3    None
 Summon Guardian Golem    Hex/Summ       #####...     1%          3    None
 Summon Ice Beast         Ice/Summ       #####...     6%          4    None


Dungeon Overview and Level Annotations

Branches:
Dungeon (12/15)            Temple (0/1) D:6            Lair (4/6) D:9
  Swamp (0/4) Lair:2        Snake (0/4) Lair:4          Orc (0/2) D:11

Altars:
Cheibriados
Elyvilon
Fedhas
Gozag
Hepliaklqana
Sif Muna
Vehumet
Wu Jian
Zin

Shops:
D:4 *   D:7 [   D:8 }   D:10 *   D:11 [

Annotations:
D:5 flame blocked
D:9 2 runed translucent doors
Lair:4 Nessos


Innate Abilities, Weirdness & Mutations

Your experience applies equally to all skills.
You have very sharp teeth.
Your uncanny sense of smell can sniff out nearby items.


Message History

Nessos blinks!
The blink frog blinks!
Nessos blinks!
Nessos blinks! x2
Nessos blinks! x2
Nessos blinks! x2; The blink frog blinks!
Nessos blinks! x3
Nessos blinks! x2
The blink frog blinks!
Nessos shoots an arrow.
The arrow hits you!
* * * LOW HITPOINT WARNING * * *
The arrow burns you.
You are lethally poisoned!
* * * LOW HITPOINT WARNING * * *
You see here an arrow.
* * * LOW HITPOINT WARNING * * *
You feel sick.
Unknown command.
You feel better.
Nessos shoots an arrow.
You block the arrow.
Nessos shoots an arrow.
The arrow completely misses you.
As you read the scroll of fog, it crumbles to dust.
The scroll dissolves into smoke.
Nessos shoots an arrow.
The arrow hits you!
You die...

##.......§(.#§§§#.##......
#.........####§#.##P......
#.#.c......##
#######...... #
#.........# ##.....
##...[....## #.....
#P...[....# ##.....
##........## #(.....
##......§§P# #....(.
#.......§@§# ##.....
##......(§§## #.....
#........<..# #F§.§%
###.........# #..§§..
#........## ##.....
#........P# #.§.S.
#.........## ......
##........# #.#.####.#.


You could see Nessos.

Vanquished Creatures
  5 hydras
  Harold (D:8)
  A catoblepas (Lair:4)
  3 two-headed ogres
  Urug (Lair:4)
  Nergalle (Lair:2)
  3 unseen horrors
  Pikel (D:3)
  2 black mambas (Lair:4)
  Maurice (D:10)
  Psyche (D:7)
  2 spiny frogs (Lair:1)
  A rime drake (Lair:1)
  A komodo dragon (Lair:2)
  Prince Ribbit (D:5)
  7 blink frogs
  4 hippogriffs
  Sigmund (D:4)
  A human (D:8)
  12 yaks
  2 basilisks
  A steam dragon (Lair:2)
  2 hungry ghosts
  A naga (Lair:4)
  10 water moccasins
  4 porcupines
  2 sky beasts
  4 ice beasts
  A slave (D:3)
  8 orc warriors
  3 black bears
  10 ogres
  A phantom (D:9)
  4 wolves (Lair:1)
  10 centaurs
  4 crocodiles
  3 big kobolds
  8 bullfrogs
  3 scorpions
  An electric eel (Lair:1)
  9 wights
  9 howler monkeys
  8 crimson imps
  2 centaur zombies
  4 jellies
  6 hounds
  2 gnoll shamans
  A bullfrog skeleton (D:4)
  A quasit (D:9)
  4 orc priests
  3 centaur skeletons
  Terence (D:2)
  7 iguanas
  12 orc wizards
  6 worker ants
  2 hound zombies
  A hound skeleton (D:9)
  2 worker ant zombies
  13 gnolls
  6 adders
  A shadow imp (D:5)
  3 adder zombies
  A worm (D:2)
  A dart slug (D:1)
  5 leopard geckos
  48 orcs
  7 bats
  7 giant cockroaches
  4 goblins
  8 hobgoblins
  6 jackals
  6 quokkas
  6 frilled lizards
  A giant cockroach zombie (D:5)
  A jackal skeleton (D:4)
  20 kobolds
  12 rats
368 creatures vanquished.

Vanquished Creatures (collateral kills)
  Erica (D:11)
1 creature vanquished.

Vanquished Creatures (others)
  A scorpion (D:4)
  An electric eel (Lair:1)
  A quokka (D:3)
  A fungus (Lair:2)
  A plant (Lair:4)
  5 toadstools (D:1)
10 creatures vanquished.

Grand Total: 379 creatures vanquished

Notes
Turn   | Place    | Note
-------+----------+-------------------------------------------
     0 | D:1      | Melior the Gnoll Wizard began the quest for the Orb.
     0 | D:1      | Reached XP level 1. HP: 13/13 MP: 8/8
   118 | D:1      | Reached XP level 2. HP: 19/19 MP: 2/10
   480 | D:1      | Reached XP level 3. HP: 24/25 MP: 3/11
   751 | D:2      | Learned a level 2 spell: Blink
   754 | D:2      | Learned a level 2 spell: Call Imp
   758 | D:2      | Learned a level 3 spell: Conjure Flame
   762 | D:2      | Learned a level 3 spell: Mephitic Cloud
   857 | D:2      | Reached skill level 1 in Invocations
   872 | D:2      | Noticed Terence
   988 | D:2      | Killed Terence
   988 | D:2      | Reached skill level 1 in Fighting
   988 | D:2      | Reached skill level 1 in Short Blades
   988 | D:2      | Reached skill level 1 in Long Blades
   988 | D:2      | Reached skill level 1 in Axes
   988 | D:2      | Reached skill level 1 in Maces & Flails
   988 | D:2      | Reached skill level 1 in Polearms
   988 | D:2      | Reached skill level 1 in Staves
   988 | D:2      | Reached skill level 1 in Slings
   988 | D:2      | Reached skill level 1 in Bows
   988 | D:2      | Reached skill level 1 in Crossbows
   988 | D:2      | Reached skill level 1 in Throwing
   988 | D:2      | Reached skill level 1 in Armour
   988 | D:2      | Reached skill level 1 in Shields
   988 | D:2      | Reached skill level 1 in Unarmed Combat
   988 | D:2      | Reached skill level 1 in Evocations
   988 | D:2      | Reached XP level 4. HP: 26/32 MP: 1/13
  1068 | D:2      | Found a radiant altar of Vehumet.
  1090 | D:2      | Became a worshipper of Vehumet
  1263 | D:2      | Found a shimmering blue altar of Sif Muna.
  1462 | D:3      | Found a white marble altar of Elyvilon.
  1491 | D:2      | Reached skill level 1 in Hexes
  1491 | D:2      | Reached skill level 1 in Charms
  1491 | D:2      | Reached skill level 1 in Necromancy
  1491 | D:2      | Reached skill level 1 in Transmutations
  1491 | D:2      | Reached skill level 1 in Fire Magic
  1491 | D:2      | Reached skill level 1 in Ice Magic
  1491 | D:2      | Reached skill level 1 in Air Magic
  1491 | D:2      | Reached skill level 1 in Earth Magic
  1491 | D:2      | Reached skill level 1 in Poison Magic
  1613 | D:3      | Found a glowing silver altar of Zin.
  1740 | D:3      | Found a blossoming altar of Fedhas.
  1798 | D:3      | Reached XP level 5. HP: 30/37 MP: 4/14
  2001 | D:4      | Noticed an ogre
  2018 | D:3      | Killed an ogre
  2018 | D:3      | Reached XP level 6. HP: 44/44 MP: 8/16
  2151 | D:4      | Noticed a slave
  2190 | D:4      | Noticed a slave
  2255 | D:3      | Killed a slave
  2523 | D:4      | Noticed Pikel
  2523 | D:4      | Noticed a slave
  2528 | D:4      | Noticed a slave
  2585 | D:3      | Killed Pikel
  2585 | D:3      | Reached skill level 5 in Dodging
  2585 | D:3      | Reached skill level 5 in Stealth
  2585 | D:3      | Reached XP level 7. HP: 31/51 MP: 1/18
  2686 | D:4      | Noticed Sigmund
  2829 | D:4      | Found an opulent altar of Gozag.
  2833 | D:4      | Found Gozag's Platinum Reserve.
  2996 | D:4      | Reached XP level 8. HP: 56/57 MP: 6/19
  3143 | D:4      | Killed Sigmund
  3192 | D:5      | Entered Level 5 of the Dungeon
  3251 | D:5      | Reached * piety under Vehumet
  3251 | D:5      | Offered knowledge of Shock by Vehumet.
  3315 | D:5      | Noticed Prince Ribbit
  3590 | D:5      | Killed Prince Ribbit
  3603 | D:5      | Reached skill level 8 in Spellcasting
  3964 | D:5      | Reached XP level 9. HP: 65/65 MP: 4/21
  4055 | D:5      | Found an ornate altar of the Wu Jian Council.
  4890 | D:6      | Found a staircase to the Ecumenical Temple.
  5865 | D:7      | Found Ucohun's Antique Armour Emporium.
  6346 | D:8      | Noticed Psyche
  6358 | D:7      | Killed Psyche
  6358 | D:7      | Reached skill level 5 in Invocations
  6528 | D:7      | Reached XP level 10. HP: 64/73 MP: 1/22
  7133 | D:8      | Reached skill level 5 in Fighting
  7133 | D:8      | Reached skill level 5 in Short Blades
  7133 | D:8      | Reached skill level 5 in Long Blades
  7133 | D:8      | Reached skill level 5 in Axes
  7133 | D:8      | Reached skill level 5 in Maces & Flails
  7133 | D:8      | Reached skill level 5 in Polearms
  7133 | D:8      | Reached skill level 5 in Staves
  7133 | D:8      | Reached skill level 5 in Slings
  7133 | D:8      | Reached skill level 5 in Bows
  7133 | D:8      | Reached skill level 5 in Crossbows
  7133 | D:8      | Reached skill level 5 in Throwing
  7133 | D:8      | Reached skill level 5 in Armour
  7133 | D:8      | Reached skill level 5 in Shields
  7133 | D:8      | Reached skill level 5 in Unarmed Combat
  7133 | D:8      | Reached skill level 5 in Evocations
  7144 | D:8      | Reached ** piety under Vehumet
  7144 | D:8      | Offered knowledge of Flame Tongue by Vehumet.
  7312 | D:8      | Found a hazy altar of Hepliaklqana.
  7454 | D:8      | Found a snail-covered altar of Cheibriados.
  7470 | D:8      | Found Qehiusk's Gadget Boutique.
  7652 | D:9      | Noticed Harold
  7715 | D:8      | Killed Harold
  7715 | D:8      | Reached skill level 9 in Spellcasting
  7715 | D:8      | Reached skill level 5 in Conjurations
  7715 | D:8      | Reached skill level 5 in Summonings
  7715 | D:8      | Reached skill level 5 in Translocations
  7977 | D:9      | Found a runed translucent door.
  7980 | D:9      | Noticed an ice dragon
  7980 | D:9      | Noticed a fire dragon
  7981 | D:9      | Noticed an ice dragon
  7983 | D:9      | Noticed a fire dragon
  7984 | D:9      | Found the +2 shield of Resistance {rF+ rC+ MR+}
  7998 | D:9      | Found a runed translucent door.
  8192 | D:9      | Offered knowledge of Throw Flame by Vehumet.
  8366 | D:9      | Reached *** piety under Vehumet
  8453 | D:9      | Found a staircase to the Lair.
  8655 | D:9      | Noticed a two-headed ogre
  8679 | D:9      | Killed a two-headed ogre
  8679 | D:9      | Reached XP level 11. HP: 70/81 MP: 2/24
  8812 | D:10     | Entered Level 10 of the Dungeon
  8812 | D:10     | Noticed a two-headed ogre
  8815 | D:10     | Noticed a two-headed ogre
  8908 | D:9      | Killed a two-headed ogre
  8908 | D:9      | Offered knowledge of Throw Icicle by Vehumet.
  8914 | D:9      | Learned a level 4 spell: Throw Icicle
  8981 | D:10     | Killed a two-headed ogre
  8981 | D:10     | Reached skill level 5 in Hexes
  8981 | D:10     | Reached skill level 5 in Charms
  8981 | D:10     | Reached skill level 5 in Necromancy
  8981 | D:10     | Reached skill level 5 in Transmutations
  8981 | D:10     | Reached skill level 5 in Fire Magic
  8981 | D:10     | Reached skill level 5 in Ice Magic
  8981 | D:10     | Reached skill level 5 in Air Magic
  8981 | D:10     | Reached skill level 5 in Earth Magic
  8981 | D:10     | Reached skill level 5 in Poison Magic
  9306 | D:10     | Noticed Maurice
  9379 | D:10     | Killed an unseen horror
  9713 | D:10     | Killed Maurice
  9795 | D:10     | Found Urroas's Assorted Antiques.
 10075 | D:11     | Noticed a four-headed hydra
 10224 | D:11     | Learned a level 4 spell: Summon Lightning Spire
 10338 | D:11     | Noticed a five-headed hydra
 10515 | D:11     | Reached **** piety under Vehumet
 10891 | D:11     | Found Ahuicu's Armour Shoppe.
 10913 | D:11     | Offered knowledge of Yara's Violent Unravelling by Vehumet.
 10942 | D:11     | Noticed Erica
 11032 | D:11     | Killed a five-headed hydra
 11687 | D:11     | Found a staircase to the Orcish Mines.
 11797 | D:11     | Killed a four-headed hydra
 12041 | D:11     | Killed an unseen horror
 12041 | D:11     | Reached XP level 12. HP: 65/89 MP: 9/25
 12959 | D:11     | Killed Erica
 12959 | D:11     | Reached skill level 10 in Spellcasting
 13175 | Lair:1   | Entered Level 1 of the Lair of Beasts
 13240 | Lair:1   | Noticed a seven-headed hydra
 13343 | D:9      | Killed a seven-headed hydra
 14555 | Lair:2   | Reached ***** piety under Vehumet
 14743 | Lair:2   | Noticed a six-headed hydra
 14758 | Lair:2   | Noticed Nergalle
 14853 | Lair:1   | Killed a six-headed hydra
 14947 | Lair:2   | Noticed a seven-headed hydra
 14955 | Lair:2   | Killed a seven-headed hydra
 15035 | Lair:2   | Found a staircase to the Swamp.
 15147 | Lair:2   | Offered knowledge of Orb of Destruction by Vehumet.
 15335 | Lair:2   | Killed Nergalle
 15649 | Lair:3   | Learned a level 7 spell: Orb of Destruction
 16271 | Lair:4   | Found a staircase to the Snake Pit.
 16271 | Lair:4   | Noticed Nessos
 16276 | Lair:4   | Noticed Urug
 16391 | Lair:3   | Reached XP level 13. HP: 74/98 MP: 17/27
 17468 | Lair:4   | Killed Urug
 17867 | Lair:4   | HP: 2/98 [Nessos/arrow (4)]
 17870 | Lair:4   | Shot with an arrow by Nessos

Levels and vault maps discovered:
D:1:      ldierk_walled_garden, layout_rooms, st_stairs_1
D:2:      layout_rooms, led_sif_pool, nicolae_overflow_crystal_walls,
          serial_forest, infiniplex_forest_clump_medium,
          infiniplex_forest_diagonal, infiniplex_forest_pool,
          infiniplex_forest_end_double, infiniplex_forest_zigzag_1,
          infiniplex_forest_clump_double, kennysheep_generic_room_15,
          uniq_terence
D:3:      layout_rooms, elyvilon_altar_4, overflow_temple_1_default,
          lemuel_round_altar, first_ration
D:4:      layout_cave_pools, nicolae_gozag_zags_fifth_avenue, uniq_pikel,
          uniq_sigmund
D:5:      layout_cave_pools, kennysheep_mini_moat, lemuel_flame_loot_1,
          uniq_prince_ribbit1
D:6:      layout_loops_corners, minmay_temple_entry_poolview,
          kennysheep_generic_room_5
D:7:      layout_loops_ring, serial_shops, shop
D:8:      layout_loops_ring, lemuel_doored_altar, lemuel_coloured_pillars_altar,
          serial_shops, nicolae_shop_competitors_out_of_business,
          grunt_pizzeria, hangedman_abyss_or_decor_passed,
          minmay_misc_feat_more_columns, uniq_psyche
D:9:      layout_long_grid, dpeg_oklobed_lair, minmay_guarded_unrand_resistance,
          uniq_harold
D:10:     layout_rooms, serial_shops, shop_statue, st_stairs_14, uniq_maurice
D:11:     layout_roguey, david_orc_2, serial_shops, kennysheep_mini,
          evilmike_butchery, uniq_erica
D:12:     layout_small_grid, serial_shops, nicolae_shop_stone
Lair:1:   layout_regular_city, grunt_megastairs_2, serial_bayou_shore_a
Lair:2:   layout_regular_city, swamp_mist_pool, beast_lair_carwin_11,
          uniq_nergalle
Lair:3:   layout_long_grid
Lair:4:   layout_big_grid, guppyfry_snake_entry_island, st_stairs_12, uniq_urug,
          uniq_nessos

Skill      XL: |  1  2  3  4  5  6  7  8  9 10 11 12 13 |
---------------+----------------------------------------+-----
Conjurations   | 2 3 4 5 6 7 |  7.0
Summonings     | 2 3 4 5 6 7 |  7.0
Translocations | 2 3 4 5 6 7 |  7.0
Invocations    | 1 2 3 4 5 6 7 8 |  8.7
Fighting       | 1 2 3 4 5 6 7 8 |  8.0
Short Blades   | 1 2 3 4 5 6 7 8 |  8.0
Long Blades    | 1 2 3 4 5 6 7 8 |  8.0
Axes           | 1 2 3 4 5 6 7 8 |  8.0
Maces & Flails | 1 2 3 4 5 6 7 8 |  8.0
Polearms       | 1 2 3 4 5 6 7 8 |  8.0
Staves         | 1 2 3 4 5 6 7 8 |  8.0
Slings         | 1 2 3 4 5 6 7 8 |  8.0
Bows           | 1 2 3 4 5 6 7 8 |  8.0
Crossbows      | 1 2 3 4 5 6 7 8 |  8.0
Throwing       | 1 2 3 4 5 6 7 8 |  8.0
Armour         | 1 2 3 4 5 6 7 8 |  8.0
Shields        | 1 2 3 4 5 6 7 8 |  8.0
Unarmed Combat | 1 2 3 4 5 6 7 8 |  8.0
Evocations     | 1 2 3 4 5 6 7 8 |  8.0
Hexes          | 1 2 3 4 5 6 |  6.6
Charms         | 1 2 3 4 5 6 |  6.6
Necromancy     | 1 2 3 4 5 6 |  6.6
Transmutations | 1 2 3 4 5 6 |  6.6
Fire Magic     | 1 2 3 4 5 6 |  6.6
Ice Magic      | 1 2 3 4 5 6 |  6.6
Air Magic      | 1 2 3 4 5 6 |  6.6
Earth Magic    | 1 2 3 4 5 6 |  6.6
Poison Magic   | 1 2 3 4 5 6 |  6.6
Dodging        | 5 6 7 8 9 |  9.2
Stealth        | 5 6 7 8 9 |  9.1
Spellcasting   | 8 9 10 | 10.6

Action                   |  1- 3 |  4- 6 |  7- 9 | 10-12 | 13-15 || total
-------------------------+-------+-------+-------+-------+-------++-------
Melee: Unarmed           |    12 |       |       |       |       ||    12
       Bite              |     5 |     9 |    11 |    77 |    12 ||   114
       Dagger            |     8 |       |       |       |       ||     8
       Mace              |       |    75 |   135 |   720 |    94 ||  1024
Throw: Dart              |       |     4 |    20 |    27 |       ||    51
 Cast: Magic Dart        |    79 |    89 |   230 |   154 |       ||   552
       Mephitic Cloud    |     3 |    11 |    35 |    51 |     3 ||   103
       Blink             |       |     5 |     5 |    25 |       ||    35
       Conjure Flame     |       |       |     3 |     4 |       ||     7
       Throw Icicle      |       |       |       |   186 |    35 ||   221
       Summon Lightning  |       |       |       |     1 |       ||     1
  Use: Scroll            |       |       |     9 |    15 |     5 ||    29
       Potion            |       |       |       |       |     3 ||     3
 Stab: Confused          |     1 |     7 |    10 |    14 |     1 ||    33
       Sleeping          |     1 |     1 |     1 |     1 |       ||     4
  Eat: Chunk             |       |     5 |    13 |    33 |     3 ||    54
       Ration            |       |       |       |     1 |       ||     1
Armor: Robe              |     7 |    21 |    25 |     6 |       ||    59
       Quicksilver drago |       |       |       |   346 |    33 ||   379
Dodge: Dodged            |    33 |    48 |    89 |   529 |    72 ||   771
Block: Buckler           |       |       |    16 |   209 |    32 ||   257

Table legend:
 A = Non-vault XP
 B = Vault XP
 C = Vault XP percentage of total XP
 D = Non-vault monster count
 E = Vault monster count
 F = Vault count percentage of total count
                 A         B        C        D         E       F
            +---------+---------+-------+---------+---------+-------
      Total |   30692 |    6968 |  18.5 |     338 |      31 |   8.4
            +---------+---------+-------+---------+---------+-------
        D:1 |      40 |       5 |  11.1 |      24 |       3 |  11.1
        D:2 |      51 |      36 |  41.4 |      23 |       1 |   4.2
        D:3 |     388 |     617 |  61.4 |      16 |       1 |   5.9
        D:4 |     270 |     223 |  45.2 |      14 |       1 |   6.7
        D:5 |     684 |     305 |  30.8 |      12 |       1 |   7.7
        D:6 |     627 |      17 |   2.6 |      24 |       2 |   7.7
        D:7 |    1247 |     434 |  25.8 |      30 |       1 |   3.2
        D:8 |    1225 |    1118 |  47.7 |      27 |       2 |   6.9
        D:9 |    4240 |       0 |   0.0 |      44 |       0 |   0.0
       D:10 |    1787 |    1051 |  37.0 |      16 |       3 |  15.8
       D:11 |    6694 |     960 |  12.5 |      51 |       9 |  15.0
       D:12 |     199 |       0 |   0.0 |       1 |       0 |   0.0
     Lair:1 |    3337 |       0 |   0.0 |      14 |       0 |   0.0
     Lair:2 |    4287 |     986 |  18.7 |      19 |       3 |  13.6
     Lair:3 |    1998 |     151 |   7.0 |      12 |       1 |   7.7
     Lair:4 |    3618 |    1065 |  22.7 |      11 |       3 |  21.4
            +---------+---------+-------+---------+---------+-------
